 Dungeon Crawl Stone Soup version 0.27-a0-633-gc6addc0a40 (webtiles) character file.

Game seed: 7758825818133863025

90 scammafunk the Conjurer (level 4, -1/24 HPs)
             Began as a Deep Elf Conjurer on Mar 13, 2021.
             Slain by an orc wizard
             ... wielding a +0 dagger
              (5 damage)
             ... on level 3 of the Dungeon.
             The game lasted 00:13:03 (2146 turns).

scammafunk the Conjurer (Deep Elf Conjurer)         Turns: 2146, Time: 00:13:04

Health: -1/24      AC:  2    Str:  4    XL:     4   Next: 32%
Magic:  6/12       EV: 13    Int: 24    God:
Gold:   95         SH:  0    Dex: 13    Spells: 1/11 levels left

rFire    . . .     SeeInvis .   g - +0 dagger
rCold    . . .     Faith    .   (no shield)
rNeg     . . .     Spirit   .   a - +0 robe
rPois    .         Reflect  .   (no helmet)
rElec    .         Harm     .   (no cloak)
rCorr    .         Rampage  .   (no gloves)
Will     .....                  (no boots)
Stlth    ++........             (no amulet)
HPRegen  0.08/turn              (no ring)
MPRegen  0.13/turn              (no ring)

@: no status effects
A: no striking features
a: no special abilities


You were on level 3 of the Dungeon.
You visited 1 branch of the dungeon, and saw 3 of its levels.

You collected 95 gold pieces.

Inventory:

Hand Weapons
 g - a +0 dagger (weapon)
Armour
 a - a +0 robe (worn)
 i - a +0 leather armour
Wands
 n - a wand of random effects (15)
Scrolls
 b - 2 scrolls of teleportation {unknown}
 f - a scroll of fear {unknown}
 h - a scroll of blinking {unknown}
 k - a scroll of amnesia {unknown}
 l - a scroll of noise {unknown}
Potions
 c - 5 potions of curing {unknown}
 d - a potion of attraction {unknown}
 e - 2 potions of ambrosia {unknown}
 j - a potion of resistance {unknown}
 m - a potion of lignification {unknown}


   Skills:
 + Level 3.3 Dodging
 - Level 2.5 Stealth
 + Level 4.1 Spellcasting
 + Level 5.3 Conjurations
 + Level 1.2 Hexes


You had one spell level left.
You knew the following spells:

 Your Spells              Type           Power      Damage    Failure   Level
a - Magic Dart            Conj           100%       1d8       1%          1
b - Searing Ray           Conj           60%        3d5       1%          2
c - Dazzling Flash        Conj/Hex       40%        N/A       8%          3
d - Fulminant Prism       Conj/Hex       10%        3d9       26%         4

Your spell library contained the following spells:

 Spells                   Type           Power      Damage    Failure   Level
 Beastly Appendage        Tmut           8%         N/A       10%         1
 Wereblood                Tmut           4%         N/A       14%         2
 Spider Form              Tmut/Pois      2%         N/A       28%         3
 Iskenderun's Mystic Bla  Conj/Tloc      17%        2d5       32%         4
 Ice Form                 Ice/Tmut       4%         N/A       67%         4
 Blade Hands              Tmut           2%         N/A       95%         5


Dungeon Overview and Level Annotations

Branches:
Dungeon (3/15)

Altars:


Message History

The searing ray misses the orc. (Press . to maintain the ray.)
The searing ray hits the orc!
You kill the orc!
The searing ray hits the orc!
You kill the orc!
The searing ray hits the orc wizard!
The orc wizard is severely wounded.
The orc wizard gestures at itself while chanting.
The orc wizard flickers and vanishes!
Deactivating autopickup; reactivate with Ctrl-A.
The searing ray hits the orc!
You kill the orc!
You finish channeling your searing ray.
A magic dart appears from out of thin air!
The magic dart hits you! Something hits you but does no damage.
Items here: $ ) [ †.
You closely miss something. Something hits you.
You miss something.
You hear some strange, mumbled words.
A magic dart appears from out of thin air!
The magic dart hits you.
You miss something. Something hits you but does no damage.
You barely miss something. Something hits you but does no damage.
You miss something. Something hits you.
* * * LOW HITPOINT WARNING * * *
You closely miss something. Something hits you but does no damage.
You closely miss something. Something hits you.
* * * LOW HITPOINT WARNING * * *
Casting: Searing Ray (safe; 1% risk of failure)
Confirm with . or Enter, or press ? or * to list all spells.
You can't see any susceptible monsters within range! (Use Z to cast anyway.)
Casting: Searing Ray (safe; 1% risk of failure)
Confirm with . or Enter, or press ? or * to list all spells.
Aiming: Searing Ray (safe; 1% risk of failure)
Press: ? - help, Shift-Dir - straight line (Press . to maintain the ray.)
Something hits you.
You die...

##### #...
#########.#######
#..).{@...?.....#####
#.#######.#####. ..#
#.# #.### #.# ##.#..
###.# ##.#..#
#...#######.##...
#.##...)...##.#.. #.#
#.######.##... ..#
#..# #.#..#


There were no monsters in sight!

Vanquished Creatures
  An adder (D:2)
  An ooze (D:2)
  2 worms (D:2)
  3 leopard geckos
  4 orcs (D:3)
  2 ball pythons (D:2)
  3 bats
  3 giant cockroaches
  8 goblins
  6 hobgoblins
  4 jackals (D:1)
  6 kobolds
  5 frilled lizards
  A jackal zombie (D:3)
  13 rats
62 creatures vanquished.

Vanquished Creatures (others)
  A fulminant prism (D:3)
1 creature vanquished.

Grand Total: 63 creatures vanquished

Notes
Turn   | Place    | Note
-------+----------+-------------------------------------------
     0 | D:1      | scammafunk the Deep Elf Conjurer began the quest for the
                  | Orb.
     0 | D:1      | Reached XP level 1. HP: 10/10 MP: 6/6
   196 | D:1      | Reached XP level 2. HP: 13/15 MP: 0/8
   786 | D:2      | Learned a level 2 spell: Searing Ray
   790 | D:2      | Reached skill level 5 in Conjurations
   880 | D:2      | Reached XP level 3. HP: 19/19 MP: 5/10
   884 | D:2      | Learned a level 3 spell: Dazzling Flash
  1544 | D:2      | Reached XP level 4. HP: 24/24 MP: 9/11
  1550 | D:2      | Learned a level 4 spell: Fulminant Prism
  1553 | D:2      | Reached skill level 1 in Hexes
  2146 | D:3      | Slain by an orc wizard

Illustrated notes

Levels and vault maps discovered:
D:1:      mrwooster_arrival_arrow, layout_rooms, hex_medium
D:2:      layout_basic, chequers_decorated_corner, st_stairs_11
D:3:      layout_loops_ring, serial_undead, serial_undead_c, serial_undead_c,
          serial_undead_c, serial_undead_b, st_stairs_14

Skill      XL: |  1  2  3  4 |
---------------+-------------+-----
Conjurations   | 5 |  5.3
Dodging        | 3 |  3.3
Spellcasting   | 4 |  4.1
Hexes          | 1 |  1.2
Stealth        | |  2.5

Action                   |  1- 3 |  4- 6 || total
-------------------------+-------+-------++-------
Melee: Unarmed           |    10 |       ||    10
       Dagger            |       |     7 ||     7
 Cast: Magic Dart        |    60 |    25 ||    85
       Searing Ray       |     7 |     2 ||     9
       Fulminant Prism   |       |     1 ||     1
Armor: Robe              |     2 |     3 ||     5
Dodge: Dodged            |    12 |       ||    12

Table legend: (Time is in decaauts)
 A = Elapsed time spent in this place.
 B = Non-inter-level travel time spent in this place.
 C = Inter-level travel time spent in this place.
 D = Time resting spent in this place.
 E = Time spent auto-exploring this place.
 F = Levels seen in this place.
 G = Mean time per level.
                   A        B        C        D        E       F      G
               +--------+--------+--------+--------+--------+-----+--------+
         Total |   2145 |   2069 |     76 |    274 |   1470 |   3 |  715.0 |
       Dungeon |   2145 |   2069 |     76 |    274 |   1470 |   3 |  715.0 |
               +--------+--------+--------+--------+--------+-----+--------+

Top non-repeatable levels by time:
     D:2: 1037 daAuts
     D:1: 729 daAuts
     D:3: 377 daAuts
